 Dungeon Crawl Stone Soup version 0.30-a0-414-gcb316572d5 (webtiles) character file.

Game seed: 5416763362870233820

1769424 ragingrage the Unforgettable (level 27, 124/124 HPs)
             Began as a Spriggan Hunter on Dec 6, 2022.
             Was the Champion of Hepliaklqana.
             Escaped with the Orb
             ... and 3 runes on Dec 7, 2022!
             The game lasted 01:48:56 (64020 turns).

ragingrage the Unforgettable (Spriggan Hunter)     Turns: 64020, Time: 01:48:57

Health: 124/124    AC: 20    Str: 15    XL:     27
Magic:  40/40      EV: 62    Int: 13    God:    Hepliaklqana [******]
Gold:   5690       SH: 16    Dex: 47    Spells: 42/50 levels left

rFire   + . .      SeeInvis +    e - +9 hand crossbow (vorpal)
rCold   + . .      Faith    .    r - +1 buckler "Teon Biluav" {Rampage rCorr Int-4 Dex+4}
rNeg    . . .      Spirit   +    j - quicksilver dragon scales of the Stone Wall {Rampage Will+ Dex+5 Slay+2 Stlth-}
rPois   +          Reflect  .    M - +3 crown of Dyrovepreva {rElec Int+2 SInv}
rElec   +          Harm     .    l - +2 cloak
rCorr   +          Rampage  +    (gloves unavailable)
Will    +++++                    (boots unavailable)
Stlth   +++.......               V - amulet of guardian spirit
HPRegen 0.40/turn                Q - ring of Impatience {rF+ Dex+4}
MPRegen 0.27/turn                F - ring "Haonam" {rPois rC+ Str+6 Dex+8}

@: very quick
A: reduced essence, very small, no large weapons, unfitting armour, see
invisible, speed 3, talons 1, frail 1, sense surroundings 1, sturdy frame 1
0: Orb of Zot
}: 3/15 runes: decaying, silver, gossamer
a: Renounce Religion, Recall Ancestor, Ancestor Identity, Transference, Idealise


You escaped.
You worshipped Hepliaklqana.
Hepliaklqana was exalted by your worship.
You visited 10 branches of the dungeon, and saw 48 of its levels.
You visited 1 bazaar.
You also visited: Trove and Desolation.

You collected 10457 gold pieces.
You spent 4767 gold pieces at shops.

Inventory:

Hand Weapons
 e - a +9 vorpal hand crossbow (weapon)
 W - the +8 arbalest of Guisoega {drain, *Slow Int-2 Dex+8 Stlth+}
   (You found it on level 5 of the Lair of Beasts)

   A truly terrible weapon, it drains the life of any living foe it strikes.
   Int:       It affects your intelligence (-2).
   Dex:       It affects your dexterity (+8).
   *Slow:     It may slow you when you take damage.
   Stlth:     It makes you more stealthy.
Missiles
 a - 7 curare-tipped darts
 h - 3 throwing nets
Armour
 j - the quicksilver dragon scales of the Stone Wall (worn) {Rampage Will+ Dex+5 Slay+2 Stlth-}
   (You found it in a treasure trove)

   Dex:       It affects your dexterity (+5).
   Slay:      It affects your accuracy & damage with ranged weapons and melee
   (+2).
   Rampage:   It bestows one free step when moving towards enemies.
   Will:      It increases your willpower.
   Stlth:     It makes you less stealthy.
 l - a +2 cloak (worn)
 r - the +1 buckler "Teon Biluav" (worn) {Rampage rCorr Int-4 Dex+4}
   (You found it in a treasure trove)

   Int:       It affects your intelligence (-4).
   Dex:       It affects your dexterity (+4).
   rCorr:     It protects you from acid and corrosion.
   Rampage:   It bestows one free step when moving towards enemies.
 M - the +3 crown of Dyrovepreva (worn) {rElec Int+2 SInv}
   (You found it on level 3 of the Elven Halls)

   Int:       It affects your intelligence (+2).
   rElec:     It insulates you from electricity.
   SInv:      It lets you see invisible.
Jewellery
 d - the ring of Exhibitionism {rElec rC+ rN+}
   (You found it in the Desolation of Salt)

   [ring of protection from cold]

   rC:        It protects you from cold.
   rElec:     It insulates you from electricity.
   rN:        It protects you from negative energy.
 F - the ring "Haonam" (right hand) {rPois rC+ Str+6 Dex+8}
   (You found it on level 3 of the Depths)

   [ring of strength]

   Str:       It affects your strength (+6).
   Dex:       It affects your dexterity (+8).
   rC:        It protects you from cold.
   rPois:     It protects you from poison.
 Q - the ring of Impatience (left hand) {rF+ Dex+4}
   (You found it on level 1 of the Vaults)

   [ring of protection from fire]

   Dex:       It affects your dexterity (+4).
   rF:        It protects you from fire.
 R - the amulet of Suphox {Reflect Rampage rPois SH+5}
   (You found it in the Desolation of Salt)

   [amulet of reflection]

   It reflects blocked missile attacks.
   rPois:     It protects you from poison.
   SH:        It affects your SH (+5).
   Rampage:   It bestows one free step when moving towards enemies.
 V - an amulet of guardian spirit (around neck)
 Z - the ring "Boluimil" {rPois rF+ rC- rN+++ Will- Int+6}
   (You acquired it on level 14 of the Dungeon)

   [ring of protection from fire]

   Int:       It affects your intelligence (+6).
   rF:        It protects you from fire.
   rC:        It makes you vulnerable to cold.
   rPois:     It protects you from poison.
   rN:        It renders you almost immune to negative energy.
   Will:      It decreases your willpower.
Wands
 c - a wand of digging (17)
 s - a wand of roots (46)
 y - a wand of polymorph (5)
 H - a wand of paralysis (57)
 O - a wand of light (13)
 P - a wand of mindburst (56)
Scrolls
 f - 13 scrolls of enchant armour
 i - 5 scrolls of blinking
 n - 13 scrolls of immolation
 p - 18 scrolls of teleportation
 t - 4 scrolls of poison
 v - 17 scrolls of fear
 w - 4 scrolls of summoning
 x - 9 scrolls of butterflies
 C - 3 scrolls of torment
 D - a scroll of silence
 E - 10 scrolls of vulnerability
 G - 8 scrolls of magic mapping
Potions
 g - 13 potions of ambrosia
 k - 10 potions of might
 m - 14 potions of curing
 o - 25 potions of heal wounds
 q - 4 potions of berserk rage
 z - 11 potions of haste
 A - 14 potions of attraction
 B - 15 potions of brilliance
 I - 10 potions of flight
 K - 6 potions of magic
 L - 3 potions of cancellation
 N - 7 potions of resistance
 S - 11 potions of lignification
 U - 6 potions of invisibility
 Y - 7 potions of mutation
Miscellaneous
 b - a tin of tremorstones (2/2)
 u - a phial of floods
 J - a box of beasts
 T - a condenser vane
 X - a phantom mirror


   Skills:
 - Level 20.0 Fighting
 - Level 18.0 Ranged Weapons
 - Level 12.0 Armour
 - Level 22.0 Dodging
 - Level 20.0 Stealth
 - Level 13.0 Shields
 - Level 12.0 Spellcasting
 - Level 9.0 Transmutations
 - Level 8.0 Ice Magic
 + Level 22.1 Invocations
 - Level 20.0 Evocations


You had 42 spell levels left.
You knew the following spells:

 Your Spells              Type           Power      Damage    Failure   Level
a - Wereblood             Tmut           31%        N/A       1%          2
b - Ozocubu's Armour      Ice            28%        N/A       1%          3
c - Swiftness             Air            7%         N/A       45%         3

Your spell library contained the following spells:

 Spells                   Type           Power      Damage    Failure   Level
 Beastly Appendage        Tmut           62%        N/A       1%          1
 Freeze                   Ice            100%       1d10      1%          1
 Frozen Ramparts          Ice            56%        1d9       1%          3
 Ensorcelled Hibernation  Hex/Ice        36%        N/A       4%          2
 Passwall                 Tmut/Erth      15%        N/A       4%          2
 Ice Form                 Ice/Tmut       29%        N/A       5%          4
 Spider Form              Tmut/Pois      19%        N/A       9%          3
 Hailstorm                Conj/Ice       18%        3d6       10%         3
 Blade Hands              Tmut           15%        N/A       12%         5
 Ignite Poison            Fire/Tmut/Pois 15%        N/A       16%         3
 Apportation              Tloc           14%        N/A       17%         1
 Foxfire                  Conj/Fire      28%        2x1d5     17%         1
 Kiss of Death            Conj/Necr      28%        2d7       17%         1
 Magic Dart               Conj           28%        1d4       17%         1
 Necrotise                Necr           28%        1d5       17%         1
 Shock                    Conj/Air       28%        1d4       17%         1
 Slow                     Hex            28%        N/A       17%         1
 Summon Small Mammal      Summ           28%        N/A       17%         1
 Cigotuvi's Dreadful Rot  Necr/Pois/Air  14%        N/A       26%         2
 Searing Ray              Conj           14%        2d5       26%         2
 Sublimation of Blood     Necr           7%         N/A       26%         2
 Petrify                  Tmut/Erth      19%        N/A       26%         4
 Summon Ice Beast         Ice/Summ       18%        N/A       32%         4
 Confusing Touch          Hex            7%         N/A       45%         3
 Dazzling Flash           Conj/Hex       14%        N/A       45%         3
 Gell's Gravitas          Tloc           7%         N/A       45%         3
 Inner Flame              Hex/Fire       7%         N/A       45%         3
 Kindle Blastsparks       Fire/Tloc/Air  14%        2d11      45%         3
 Lesser Beckoning         Tloc           14%        N/A       45%         3
 Stone Arrow              Conj/Erth      14%        3d7       45%         3
 Summon Guardian Golem    Hex/Summ       7%         N/A       45%         3
 Teleport Other           Tloc           7%         N/A       45%         3
 Vampiric Draining        Necr           7%         2d6       45%         3
 Alistair's Intoxication  Tmut/Pois      12%        N/A       58%         5
 Irradiate                Conj/Tmut      9%         3d14      58%         5
 Yara's Violent Unravell  Hex/Tmut       9%         3d6       58%         5
 Metabolic Englaciation   Hex/Ice        9%         N/A       67%         5
 Airstrike                Air            3%         2d(1-17)  86%         4
 Animate Armour           Summ/Erth      14%        N/A       86%         4
 Dispel Undead            Necr           7%         3d8       86%         4
 Fulminant Prism          Conj/Hex       3%         3d5       86%         4
 Leda's Liquefaction      Hex/Erth       3%         N/A       86%         4
 Sticky Flame             Conj/Fire      7%         2d3       86%         4
 Summon Lightning Spire   Summ/Air       7%         N/A       86%         4
 Freezing Cloud           Conj/Ice/Air   7%         6-21      86%         5
 Dragon Form              Tmut           15%        N/A       98%         7
 Agony                    Necr           7%         N/A       99%         5
 Borgnjor's Vile Clutch   Necr/Erth      3%         N/A       99%         5
 Iskenderun's Battlesphe  Conj           7%         2d6       99%         5
 Lee's Rapid Deconstruct  Erth           3%         3d5*      99%         5
 Silence                  Hex/Air        3%         N/A       99%         5
 Summon Mana Viper        Hex/Summ       7%         N/A       99%         5
 Eringya's Noxious Bog    Tmut/Pois      9%         N/A       99%         6
 Simulacrum               Ice/Necr       9%         N/A       99%         6
 Statue Form              Tmut/Erth      12%        N/A       99%         6
 Ozocubu's Refrigeration  Ice            14%        4d10      99%         7
 Death Channel            Necr           3%         N/A       100%        6
 Dispersal                Tloc           3%         N/A       100%        6
 Iron Shot                Conj/Erth      3%         9d2       100%        6
 Malign Gateway           Summ/Tloc      3%         N/A       100%        7
 Monstrous Menagerie      Summ           3%         N/A       100%        7
 Orb of Destruction       Conj           3%         9d5       100%        7
 Spellforged Servitor     Conj/Summ      3%         N/A       100%        7
 Storm Form               Tmut/Air       9%         N/A       100%        7
 Summon Hydra             Summ           3%         N/A       100%        7
 Ignition                 Fire           3%         3d4       100%        8
 Maxwell's Capacitive Co  Air            3%         ∞         100%        8
 Necromutation            Tmut/Necr      9%         N/A       100%        8
 Summon Horrible Things   Summ           3%         N/A       100%        8
 Chain Lightning          Conj/Air       3%         3d4       100%        9
 Polar Vortex             Ice            14%        N/A       100%        9
 Shatter                  Erth           3%         3d7*      100%        9


Dungeon Overview and Level Annotations

Branches:
Dungeon (15/15)            Temple (1/1) D:6            Lair (5/5) D:9
  Swamp (4/4) Lair:3       Spider (4/4) Lair:2        Slime (0/5) Lair:5
    Orc (2/2) D:12            Elf (3/3) Orc:2        Vaults (5/5) D:13
  Crypt (0/3) Vaults:3     Depths (4/4) D:15            Zot (5/5) Depths:4
Desolation (visited)

Altars:
Ashenzari
Cheibriados
Dithmenos
Elyvilon
Fedhas
Gozag
Hepliaklqana
Kikubaaqudgha
Makhleb
Nemelex Xobeh
Okawaru
Qazlal
Ru
Sif Muna
Trog
Uskayaw
Vehumet
Wu Jian
Xom
Yredelemnul
The Shining One
Jiyva
Lugonu

Shops:
D:11 :   D:13 [   Orc:2 (!?=   Elf:2 [*   Elf:3 ?   Vaults:3 [   Vaults:4 :
Vaults:5 !*!![=   Depths:1 =:=

Portals:
Hell: Depths:1 Depths:2 Depths:3 Depths:4
Abyss: Depths:3
Pandemonium: Depths:1 Depths:2
Ziggurat: Depths:2

Annotations:
D:4 3 runed translucent doors, zishaf's ghost, novice VSBr
D:15 1 runed translucent door
Elf:2 3 runed translucent doors
Zot:4 6 transporters


Innate Abilities, Weirdness & Mutations

Your life essence is reduced to manifest your ancestor. (-10% HP)
You are very small and have problems with some larger weapons.
You are too small for most types of armour.
You have supernaturally acute eyesight. (SInv)
You cover ground extremely quickly. (Speed+++)
You have sharp toenails.
You are frail. (-10% HP)
You passively map a small area around you.
Your movements are slightly less encumbered by armour. (ER -2)


Message History

The blizzard demon is heavily wounded.
You shoot a bolt. The bolt hits the blizzard demon.
The blizzard demon is severely wounded.
You shoot a bolt. The bolt hits the blizzard demon!!
You kill the blizzard demon!
You shoot a bolt.
The bolt hits the demonspawn blood saint!!!
The demonspawn blood saint is severely wounded.
You shoot a bolt.
The bolt hits the demonspawn blood saint!!!
You kill the demonspawn blood saint!
No target in view!
(D) Dungeon (T) Temple (L) Lair (S) Swamp (N) Spider Nest (M) Slime Pits (O) Orcish Mines (E) Elven Halls (V) Vaults (C) Crypt (U) Depths (H) Hell (Z) Zot
Where to? (Enter - D:1 @ (x,y), ? - help)
There is a stone staircase leading up here.
You climb upwards.
There is a stone staircase leading down here.
There is an open door here.
A goblin is nearby!
You shoot a bolt. The goblin shouts!
The bolt hits the goblin!!!
You kill the goblin!
No target in view!
(D) Dungeon (T) Temple (L) Lair (S) Swamp (N) Spider Nest (M) Slime Pits (O) Orcish Mines (E) Elven Halls (V) Vaults (C) Crypt (U) Depths (H) Hell (Z) Zot
Where to? (Enter - D:1 @ (x,y), ? - help)
There is an open door here.
There is a broken door, spattered with blood here.
You see here a +0 club.
There is a stone staircase leading up here.
You climb upwards.
There is a stone staircase leading down here.
There is a staircase leading out of the dungeon here.
You have escaped!

..# * #...#..## ..#
#,P.PPP.P...PP.P#.#....# ..#
#.♣P♣P...PP...PP#.#....# ..#
#.♣...PPPPPP...♣#......# #.#
#P....P.PP.♣.P.♣#.....##
#.#######PPP.P....P..PPP##..÷..#
#.......#################...#..#
#....##...................#.#..##
#....##....##...@...##....#.)....
#....##...................#......
#....##.#################.#.....>
#######.#...............#.#......
#######.#...............#.#......
........#..####.........#........
#########..# #.........####.....
## #..# #.........# ######
.########..# #.........# #


There were no monsters in sight!

Vanquished Creatures
  3 dread liches
  4 ancient liches
  7 orbs of fire
  5 Killer Klowns
  Bai Suzhen (Swamp:3)
  A shard shrike (Zot:4)
  The ghost of Monkooky the Blinker, a veteran DgDe (Zot:2)
  Jory (Vaults:4)
  10 golden dragons
  A bone dragon (Depths:4)
  Arachne (Spider:4)
  3 electric golems
  12 tentacled monstrosities
  A walking crystal tome (Depths:3)
  7 liches
  Jorgrun (D:15)
  2 walking earthen tomes
  Rupert (Spider:1)
  3 deep elf master archers (Elf:3)
  4 quicksilver dragons
  17 Orb Guardians (Zot:5)
  3 deep elf blademasters (Elf:3)
  4 titans
  The ghost of Oxoag the Blocker, an adept GnFi of Okawaru (Spider:4)
  5 sphinxes
  7 death cobs
  2 thorn hunters (Swamp:4)
  Kirke (Spider:1)
  6 tengu reavers
  4 draconian monks
  8 fenstrider witches
  13 shadow dragons
  13 storm dragons
  The ghost of karrick the Bludgeoner, an adept GrFi of Okawaru (Vaults:1)
  Roxanne (Swamp:2)
  11 frost giants
  An emperor scorpion (shapeshifter) (Depths:2)
  7 fire giants
  5 emperor scorpions
  4 draconian knights
  A cacodemon (Depths:2)
  Aizul (Swamp:2)
  8 ghost moths
  The ghost of McGhostyFace the Thaumaturge, a journeyman GnWr of Ashenzari (Spider:2)
  8 deep elf sorcerers (Elf:3)
  3 imperial myrmidons (Desolation)
  5 draconian stormcallers
  7 vault wardens
  9 draconian scorchers
  5 draconian shifters
  The ghost of Feimod the Imperceptible, an adept SpEn of Vehumet (Swamp:2)
  A deep elf elementalist (Elf:3)
  11 draconian annihilators
  3 spriggan defenders
  An orc warlord (Orc:2)
  A demonspawn blood saint (D:3)
  11 ironbound preservers
  9 very ugly things
  A reaper (Swamp:4)
  6 stone giants
  The ghost of Gint the Severer, a journeyman HOFi of Uskayaw (D:13)
  2 ironbound thunderhulks
  10 black draconians
  3 deep elf demonologists
  4 vampire knights
  11 dire elephants (Vaults:1)
  12 green draconians
  Nessos (D:15)
  16 red draconians
  16 white draconians
  4 deep elf annihilators
  13 purple draconians
  6 bunyips
  A halazid warlock (Desolation)
  11 yellow draconians
  Snorg (Lair:4)
  2 deep elf death magi
  5 spark wasps
  An eidolon (Vaults:3)
  6 ettins
  2 blizzard demons
  7 fire dragons
  Josephine (Lair:4)
  A crystal guardian (Desolation)
  7 ragged hierophants (Desolation)
  An entropy weaver (Spider:2)
  6 deep elf high priests
  5 servants of whispers (Desolation)
  4 great orbs of eyes
  10 yaktaur captains
  A rakshasa (Depths:2)
  A jorogumo (shapeshifter) (Depths:2)
  10 ice dragons
  12 peacekeepers
  4 ogre magi
  A shambling mangrove (Swamp:4)
  5 spriggan air magi
  A ghost crab (Swamp:3)
  16 hydras
  18 vault guards
  6 ironbound frosthearts
  2 jorogumos (Spider:4)
  A radroach (Spider:4)
  A death knight (Vaults:3)
  3 centaur warriors
  13 dancing weapons
  4 boulder beetles
  3 tengu warriors
  An anaconda (shapeshifter) (Vaults:5)
  4 deep troll earth magi
  4 deep troll shamans (Depths:2)
  9 alligators
  A sun demon (Depths:2)
  3 two-headed ogres (Orc:2)
  16 slime creatures
  2 vampire magi
  4 spriggan berserkers
  6 orc high priests
  4 soul eaters
  2 sixfirhies
  6 hell knights
  6 pharaoh ants
  3 iron trolls (Depths:2)
  6 deep elf knights
  A steelbarb worm (Spider:1)
  3 sun moths
  35 deep trolls
  7 spriggan druids
  A skeletal warrior (D:13)
  4 flayed ghosts
  3 goliath frogs
  7 orb spiders
  A glowing orange brain (Depths:3)
  4 swamp dragons
  A storm dragon skeleton (Vaults:4)
  5 deep elf archers
  4 bog bodies
  A tengu zombie (Vaults:1)
  A swamp dragon (shapeshifter) (Vaults:4)
  4 lindwurms (Vaults:2)
  15 ironbound convokers
  11 wizards
  6 phantasmal warriors (Vaults:5)
  22 deep elf pyromancers
  15 necromancers
  8 orc knights
  5 harpies (Vaults:3)
  A fire giant zombie (Depths:2)
  2 stone giant zombies (Vaults:4)
  14 ugly things
  7 orc sorcerers
  4 will-o-the-wisps
  23 deep elf zephyrmancers
  A frost giant zombie (Depths:2)
  2 cyclopes
  18 wolf spiders
  11 elephants
  2 guardian serpents (Desolation)
  27 moths of wrath
  15 vault sentinels
  A black mamba (Lair:3)
  2 torpor snails
  A frost giant skeleton (Vaults:4)
  A water nymph (shapeshifter) (Vaults:5)
  A cane toad (shapeshifter) (Elf:2)
  A fire giant skeleton (Vaults:4)
  A naga mage (D:15)
  4 centaur skeletons
  A storm dragon simulacrum (Vaults:4)
  12 demonic crawlers
  2 rime drakes
  A rime drake (shapeshifter) (Elf:2)
  A molten gargoyle (Desolation)
  17 cane toads
  An unseen horror (D:12)
  A freezing wraith (Vaults:5)
  18 yaktaurs
  6 komodo dragons
  A hellion (Zot:1)
  3 tengu conjurers
  An efreet (D:13)
  6 tyrant leeches
  13 trolls
  6 bloated husks
  A meliai (shapeshifter) (Depths:3)
  2 meliai
  A polar bear (shapeshifter) (Elf:1)
  A queen bee (Lair:1)
  6 hornets
  2 wolf spider simulacra
  17 tarantellas
  Grinder (D:3)
  56 saltlings
  A slime creature (shapeshifter) (D:14)
  19 blink frogs
  2 dream sheep (Lair:3)
  26 jumping spiders
  12 spriggans
  3 centaur simulacra (D:13)
  3 air elementals (Elf:3)
  12 flying skulls (Zot:2)
  4 wraiths (Lair:4)
  2 wyverns
  A vampire (D:13)
  11 culicivoras
  9 water elementals
  2 fire elementals (Elf:1)
  28 yaks
  A ynoxinul (Depths:2)
  3 hogs (Spider:1)
  Grum (D:10)
  7 basilisks
  3 chaos spawn
  A human simulacrum (Vaults:4)
  A neqoxec (Depths:4)
  10 vampire mosquitoes
  26 redbacks
  A steam dragon (D:6)
  16 swamp worms
  A naga (shapeshifter) (Depths:2)
  An acid dragon (D:13)
  18 water moccasins
  A human zombie (Vaults:1)
  2 swamp drakes
  5 black bears
  2 ice beasts
  39 orc warriors
  4 sky beasts
  6 centaurs
  12 wolves
  14 ogres
  A phantom (D:4)
  2 kobold brigands
  17 bullfrogs
  A gnoll sergeant (D:9)
  A human skeleton (Vaults:4)
  A necrophage (D:6)
  2 scorpions
  3 earth elementals
  10 wights
  15 killer bees
  2 electric eels
  8 howler monkeys
  A jelly (D:8)
  4 hounds
  24 orc priests
  A gnoll bouda (D:4)
  Jessica (D:3)
  3 iguanas
  15 orc wizards
  A boggart simulacrum (D:14)
  13 gnolls
  11 adders
  4 shadow imps
  A white imp (D:7)
  3 worms
  3 dart slugs
  89 orcs
  6 ball pythons
  4 bats
  8 endoplasms
  8 giant cockroaches
  6 hobgoblins
  3 jackals (D:1)
  6 quokkas
  9 frilled lizards
  8 goblins
  22 kobolds
  4 rats
1736 creatures vanquished.

Vanquished Creatures (collateral kills)
  An ancient lich (Vaults:5)
  5 orbs of fire
  Mara (Spider:3)
  A juggernaut (Depths:3)
  A Killer Klown (Zot:5)
  A shard shrike (Zot:4)
  Margery (Depths:1)
  6 golden dragons
  An electric golem (Zot:3)
  9 Orb Guardians
  A walking earthen tome (Depths:4)
  6 tentacled monstrosities
  A walking frostbound tome (Depths:4)
  3 quicksilver dragons
  6 death cobs
  A sphinx (Depths:3)
  5 titans
  5 tengu reavers
  A thorn hunter (Swamp:4)
  6 storm dragons
  7 draconian monks
  3 shadow dragons
  5 deep elf sorcerers
  6 frost giants
  2 draconian knights
  An iron dragon (Depths:3)
  4 draconian scorchers
  3 vault wardens
  2 ghost moths
  A draconian annihilator (Zot:5)
  3 deep elf elementalists
  A draconian shifter (Zot:3)
  A spriggan defender (Depths:1)
  6 ironbound preservers
  An orc warlord (Vaults:2)
  5 very ugly things
  5 stone giants
  3 broodmothers
  A vampire knight (Depths:2)
  A deep elf demonologist (Elf:3)
  2 deep elf annihilators
  2 black draconians
  6 red draconians
  3 green draconians
  An ironbound thunderhulk (Vaults:1)
  4 yellow draconians
  2 eleionomae
  6 white draconians
  2 dire elephants (Vaults:1)
  3 purple draconians
  2 ettins
  A deep elf high priest (Elf:1)
  3 deep elf death magi (Elf:3)
  An entropy weaver (Spider:4)
  3 ragged hierophants
  6 yaktaur captains
  A rakshasa (Depths:1)
  2 great orbs of eyes
  Erolcha (D:11)
  7 ice dragons
  11 vault guards
  3 peacekeepers (Desolation)
  A radroach (Spider:4)
  A centaur warrior (Vaults:1)
  4 hydras
  A boulder beetle (D:13)
  3 two-headed ogres
  An alligator (Swamp:3)
  3 dancing weapons
  A vampire mage (Zot:2)
  A tengu warrior (D:15)
  2 spriggans
  A deep troll earth mage (Depths:3)
  2 hell knights (Depths:1)
  6 deep elf knights
  3 iron trolls
  3 pharaoh ants
  A sixfirhy (Swamp:4)
  A goliath frog (Swamp:3)
  A steelbarb worm (Spider:1)
  4 orb spiders (Spider:4)
  A flayed ghost (Depths:4)
  A spriggan druid (Swamp:3)
  20 deep trolls
  4 deep elf archers
  10 deep elf zephyrmancers
  A wizard (Vaults:1)
  2 bog bodies
  9 deep elf pyromancers
  A phantasmal warrior (Vaults:5)
  5 necromancers
  5 orc knights
  An iron dragon zombie (Depths:2)
  7 ironbound convokers
  4 harpies (Vaults:3)
  14 ugly things
  An orc sorcerer (Swamp:4)
  5 wolf spiders
  5 elephants
  Maurice (D:11)
  5 moths of wrath
  3 spectral centaurs (D:13)
  3 black mambas
  A centaur zombie (D:15)
  4 vault sentinels
  3 guardian serpents (Desolation)
  6 cane toads
  A centaur skeleton (D:15)
  2 torpor snails
  A water nymph (shapeshifter) (Vaults:5)
  2 yaktaurs
  A demonic crawler (Spider:3)
  A freezing wraith (Vaults:5)
  3 rime drakes
  4 komodo dragons
  A human zombie (Vaults:1)
  18 saltlings
  2 polar bears
  4 trolls
  2 hornets
  3 meliai
  A harpy skeleton (D:13)
  3 tarantellas
  A tyrant leech (Lair:5)
  4 blink frogs
  9 slime creatures
  A snapping turtle (shapeshifter) (Depths:3)
  2 dream sheep (Lair:3)
  5 culicivoras
  An ettin skeleton (Vaults:1)
  2 meliai zombies
  A centaur simulacrum (D:13)
  2 wraiths
  An air elemental (Elf:1)
  3 jumping spiders
  2 vampires
  2 water elementals (Depths:1)
  A hog (Spider:1)
  10 yaks
  A chaos spawn (Swamp:4)
  3 basilisks
  3 vampire mosquitoes
  A redback (Spider:4)
  A redback simulacrum (D:13)
  A hydra simulacrum (Swamp:2)
  4 swamp worms
  2 acid dragons
  A floating eye (Depths:1)
  2 water moccasins
  6 orc warriors
  An elf simulacrum (Vaults:1)
  2 ogres
  A centaur (D:12)
  2 wolves
  3 bullfrogs
  17 killer bees
  8 orc priests
  3 orc wizards
  2 gnolls (D:9)
  25 orcs
  4 kobolds (Elf:2)
  3 briar patches (Swamp:4)
549 creatures vanquished.

Vanquished Creatures (others)
  A deep elf master archer (Elf:3)
  A vampire knight (Depths:4)
  A peacekeeper (Desolation)
  2 deep elf archers
  A bunyip simulacrum (Swamp:2)
  A spectral death drake (Swamp:2)
  3 bloated husks
  A saltling (Desolation)
  3 humans (Spider:1)
  A spriggan simulacrum (Swamp:2)
  42 knights
  An orc wizard (Orc:2)
  7 ancestors
  2 briar patches (Swamp:4)
  8 foxfires (Swamp:2)
  31 fungi
  98 plants
  2 withered plants (Desolation)
206 creatures vanquished.

Grand Total: 2491 creatures vanquished

Notes
Turn   | Place    | Note
-------+----------+-------------------------------------------
     0 | D:1      | ragingrage the Spriggan Hunter began the quest for the Orb.
     0 | D:1      | Reached XP level 1. HP: 10/10 MP: 2/2
   184 | D:1      | Reached XP level 2. HP: 13/14 MP: 3/3
   347 | D:1      | Reached skill level 5 in Ranged Weapons
   350 | D:1      | Reached XP level 3. HP: 18/18 MP: 4/4
   619 | D:2      | Found a faded altar of an unknown god.
   859 | D:2      | Reached XP level 4. HP: 22/22 MP: 5/5
   880 | D:2      | Noticed a black bear
  1728 | D:2      | Killed a black bear
  1729 | D:2      | Reached XP level 5. HP: 25/25 MP: 6/6
  1902 | D:3      | Noticed Jessica
  1903 | D:3      | Killed Jessica
  1974 | D:3      | Noticed Grinder
  2062 | D:3      | Reached XP level 6. HP: 30/30 MP: 7/7
  2100 | D:3      | Killed Grinder
  2256 | D:3      | Found a shadowy altar of Dithmenos.
  2261 | D:3      | Found a burning altar of Makhleb.
  2647 | D:4      | Found a runed translucent gate.
  2647 | D:4      | Found a runed translucent gate.
  2647 | D:4      | Found an opulent altar of Gozag.
  2648 | D:4      | Found a runed translucent gate.
  2686 | D:4      | Noticed a water moccasin
  2783 | D:3      | Killed a water moccasin
  2784 | D:3      | Reached XP level 7. HP: 20/33 MP: 8/8
  3451 | D:4      | Noticed zishaf's ghost (novice VSBr)
  3624 | D:4      | Reached skill level 10 in Ranged Weapons
  3849 | D:5      | Entered Level 5 of the Dungeon
  3884 | D:4      | Reached XP level 8. HP: 29/37 MP: 9/9
  4725 | D:6      | Reached skill level 5 in Stealth
  5019 | D:6      | Found an ancient bone altar of Kikubaaqudgha.
  5397 | D:6      | Found a staircase to the Ecumenical Temple.
  5492 | Temple   | Entered the Ecumenical Temple
  5551 | Temple   | Became a worshipper of Hepliaklqana the Forgotten
  5663 | D:7      | Reached XP level 9. HP: 27/41 MP: 10/10
  6139 | D:7      | Found a broken altar of Ashenzari.
  6452 | D:7      | Reached * piety under Hepliaklqana
  6560 | D:7      | Reached skill level 10 in Stealth
  6565 | D:7      | Noticed a white ugly thing
  6817 | D:7      | Killed a white ugly thing
  6951 | D:7      | Reached XP level 10. HP: 41/41 MP: 11/11
  7551 | D:8      | Identified the +1 robe of the Pink Corner {rF+}
  7962 | D:9      | Found a glowing golden altar of the Shining One.
  8581 | D:9      | Found a staircase to the Lair.
  8610 | D:9      | Reached skill level 15 in Ranged Weapons
  9005 | D:10     | Entered Level 10 of the Dungeon
  9005 | D:10     | Reached ** piety under Hepliaklqana
  9008 | D:10     | Remembered your ancestor Illuratum as a knight
  9159 | D:10     | Found Guarchesud's Vocational Training.
  9264 | D:10     | Identified the +6 spear of Ignis's Esteem {freeze, rF+
                  | Will+ Str+4 Stlth+}
  9305 | D:10     | Noticed a two-headed ogre
  9324 | D:10     | Killed a two-headed ogre
  9325 | D:10     | Reached XP level 11. HP: 45/45 MP: 12/12
  9353 | D:10     | Noticed Grum
  9361 | D:10     | Reached skill level 1 in Evocations
  9376 | D:10     | Killed Grum
  9377 | D:10     | Reached skill level 1 in Invocations
  9928 | D:11     | Noticed Erolcha
  9941 | D:11     | Killed Erolcha
 10092 | D:11     | Found Hydu's Book Boutique.
 10286 | D:11     | Noticed Maurice
 10291 | D:11     | Killed Maurice
 10292 | D:11     | Reached skill level 5 in Dodging
 10308 | D:11     | Reached *** piety under Hepliaklqana
 10689 | Lair:1   | Entered Level 1 of the Lair of Beasts
 11088 | Lair:1   | Reached skill level 5 in Evocations
 11730 | Lair:1   | Reached XP level 12. HP: 52/52 MP: 16/16
 12640 | Lair:2   | Found a hole to the Spider Nest.
 12751 | Lair:2   | Reached skill level 5 in Invocations
 13014 | Lair:2   | Reached **** piety under Hepliaklqana
 13511 | Lair:2   | Reached skill level 5 in Fighting
 13847 | Lair:3   | Noticed a six-headed hydra
 13897 | Lair:3   | Killed a six-headed hydra
 14522 | Lair:3   | Found a staircase to the Swamp.
 14717 | Lair:4   | Noticed Snorg
 14772 | Lair:4   | Reached XP level 13. HP: 58/58 MP: 18/18
 14913 | Lair:5   | Entered Level 5 of the Lair of Beasts
 14956 | Lair:5   | Reached skill level 1 in Armour
 15269 | Lair:5   | Reached skill level 10 in Dodging
 15284 | Lair:5   | Reached skill level 15 in Stealth
 15430 | Lair:5   | Reached skill level 10 in Evocations
 15494 | Lair:5   | Identified the +4 ring mail of Eseneen {Int+4}
 15542 | Lair:5   | Found a viscous altar of Jiyva.
 15542 | Lair:5   | Found a staircase to the Slime Pits.
 16102 | Lair:4   | Noticed Josephine
 16125 | Lair:4   | Killed Josephine
 16417 | Lair:4   | Reached XP level 14. HP: 64/64 MP: 21/21
 16613 | Lair:4   | Killed Snorg
 16795 | Lair:5   | Identified the +8 arbalest of Guisoega {drain, *Slow Int-2
                  | Dex+8 Stlth+}
 17380 | D:12     | Reached ***** piety under Hepliaklqana
 17593 | D:12     | Found a staircase to the Orcish Mines.
 17787 | D:13     | Found Qawuda's Antique Armour Shop.
 17843 | D:13     | Found a runed translucent gate.
 17843 | D:13     | Found a runed translucent gate.
 17843 | D:13     | Found a runed translucent gate.
 17849 | D:13     | Noticed Gint's ghost (journeyman HOFi)
 18387 | D:13     | Found a gate to the Vaults.
 18671 | D:14     | Identified a scroll of acquirement
 18671 | D:14     | Acquired the ring "Boluimil" {rPois rF+ rC- rN+++ Will-
                  | Int+6}
 18760 | D:14     | Identified the +7 battleaxe of the Hierophant {holy, Str-3
                  | Dex+5}
 19198 | D:14     | Acquired the +0 hat of the Fiddle {Dex+3}
 19667 | Orc:1    | Entered Level 1 of the Orcish Mines
 19785 | Orc:2    | Entered Level 2 of the Orcish Mines
 20120 | Orc:2    | Learned a level 3 spell: Ozocubu's Armour
 20269 | Orc:2    | Found a staircase to the Elven Halls.
 20336 | Orc:2    | Reached XP level 15. HP: 58/69 MP: 22/22
 20580 | Orc:2    | Found Teiseatz's Antique Weapon Boutique.
 20595 | Orc:2    | Found Xepnov's Distillery.
 20606 | Orc:2    | Bought 2 potions of heal wounds for 180 gold pieces
 20606 | Orc:2    | Bought a potion of invisibility for 144 gold pieces
 20954 | Orc:2    | Found Fyocw's Magic Scroll Shoppe.
 20962 | Orc:2    | Bought a scroll of acquirement for 832 gold pieces
 20963 | Orc:2    | Acquired 816 gold pieces
 21041 | Orc:2    | Found Umej's Jewellery Shop.
 21310 | Orc:2    | Bought a potion of haste for 180 gold pieces
 21310 | Orc:2    | Bought a potion of curing for 54 gold pieces
 21310 | Orc:2    | Bought a potion of haste for 180 gold pieces
 21441 | D:15     | Entered Level 15 of the Dungeon
 21456 | D:15     | Noticed Nessos
 21460 | D:15     | Killed Nessos
 21606 | D:15     | Found a runed translucent door.
 21607 | D:15     | Found the +2 shield of Resistance {rF++ rC++ Will++}
 21620 | D:15     | Found a runed translucent door.
 21640 | D:15     | Noticed Jorgrun
 21779 | D:15     | Killed Jorgrun
 21918 | D:15     | Reached skill level 15 in Dodging
 22044 | D:15     | Found a staircase to the Depths.
 22493 | Swamp:1  | Entered Level 1 of the Swamp
 22633 | Swamp:1  | Reached ****** piety under Hepliaklqana
 23011 | Swamp:2  | Noticed Aizul
 23021 | Swamp:2  | Killed Aizul
 23022 | Swamp:2  | Reached skill level 10 in Fighting
 23109 | Swamp:2  | Noticed Roxanne
 23114 | Swamp:2  | Noticed a tentacled monstrosity
 23148 | Swamp:2  | Killed a tentacled monstrosity
 23158 | Swamp:2  | Found a transporter.
 23162 | Swamp:2  | Noticed Feimod's ghost (adept SpEn)
 23192 | Swamp:2  | Noticed a fenstrider witch
 23204 | Swamp:2  | Found a transporter.
 23210 | Swamp:2  | Paralysed by a fenstrider witch for 2 turns
 23214 | Swamp:2  | Killed a fenstrider witch
 23432 | Swamp:2  | Reached XP level 16. HP: 76/76 MP: 23/23
 23768 | Swamp:2  | Killed Roxanne
 24181 | Swamp:3  | Noticed Bai Suzhen
 24279 | Swamp:3  | Killed Bai Suzhen
 24280 | Swamp:3  | Reached skill level 10 in Invocations
 24534 | Swamp:4  | Entered Level 4 of the Swamp
 24618 | Swamp:4  | Identified the +4 great mace of Sharkskin {protect, rF+}
 24623 | Swamp:4  | Noticed a tentacled monstrosity
 24835 | Swamp:4  | Noticed a thorn hunter
 24842 | Swamp:4  | Killed a thorn hunter
 24963 | Swamp:4  | Noticed a thorn hunter
 24974 | Swamp:4  | Killed a thorn hunter
 24986 | Swamp:4  | Identified the +1 pair of boots of the Jabberwock {rC+}
 25102 | Swamp:4  | Killed a tentacled monstrosity
 25242 | Swamp:4  | Noticed a thorn hunter
 25278 | Swamp:4  | Paralysed by a fenstrider witch for 5 turns
 25364 | Swamp:4  | Reached XP level 17. HP: 81/81 MP: 26/26
 25478 | Swamp:4  | Got a decaying rune of Zot
 25659 | Swamp:4  | Reached skill level 15 in Evocations
 25941 | Spider:1 | Entered Level 1 of the Spider Nest
 25941 | Spider:1 | Noticed Kirke
 25948 | Spider:1 | Killed Kirke
 26148 | Spider:1 | Reached skill level 1 in Ice Magic
 26302 | Spider:1 | Identified the +7 hand axe "Hutubiwn" {vamp, *Noise rPois
                  | rF+ rC+}
 26361 | Spider:1 | Noticed Rupert
 26362 | Spider:1 | Paralysed by Rupert for 2 turns
 26368 | Spider:1 | Killed Rupert
 27195 | Spider:2 | Found a large runed translucent door.
 27195 | Spider:2 | Found a large runed translucent door.
 27199 | Spider:2 | Noticed McGhostyFace's ghost (journeyman GnWr)
 27199 | Spider:2 | Found the +10 dark maul {vorpal}
 27902 | Spider:3 | Reached XP level 18. HP: 88/88 MP: 27/27
 28489 | Spider:3 | Noticed Mara
 28495 | Spider:3 | Noticed ragingrage's illusion
 28503 | Spider:3 | Noticed ragingrage's illusion
 28569 | Spider:3 | Killed Mara
 29056 | Spider:4 | Entered Level 4 of the Spider Nest
 29080 | Spider:4 | Reached skill level 5 in Ice Magic
 29355 | Spider:4 | Found a runed translucent door.
 29356 | Spider:4 | Noticed Oxoag's ghost (adept GnFi)
 29408 | Spider:4 | Reached skill level 5 in Armour
 29457 | Spider:4 | Noticed Arachne
 29466 | Spider:4 | Killed Arachne
 29605 | Spider:4 | Reached XP level 19. HP: 93/93 MP: 1/28
 29805 | Spider:4 | Identified the +0 hat "Zotamiri" {Contam Str+6 Int+9
                  | Stlth-}
 29857 | Spider:4 | Got a gossamer rune of Zot
 30121 | Spider:4 | Got Hierch's Compilation of Noxious Congelation
 30839 | Elf:1    | Entered Level 1 of the Elven Halls
 32022 | Elf:2    | Found Laguotep's Assorted Antiques.
 32063 | Elf:2    | Found Yffer's Antique Armour Shop.
 32186 | Elf:2    | Found a flickering gateway to a bazaar.
 32228 | Bazaar   | Entered a bazaar
 32228 | Bazaar   | Found Ymnerghett's Antique Weapon Shoppe.
 32228 | Bazaar   | Found Biusidgh's Antique Weapon Emporium.
 32238 | Bazaar   | Found Otits's Antique Armour Shoppe.
 32254 | Bazaar   | Found Azxonevu's General Store.
 32262 | Bazaar   | Bought a tin of tremorstones (2/2) for 800 gold pieces
 32262 | Bazaar   | Bought a scroll of fear for 80 gold pieces
 32351 | Elf:2    | Bought a scroll of teleportation for 96 gold pieces
 32389 | Elf:2    | Found a runed translucent gate.
 32390 | Elf:2    | Found a runed translucent gate.
 32390 | Elf:2    | Found a runed translucent gate.
 32815 | Elf:3    | Entered Level 3 of the Elven Halls
 33498 | Elf:3    | Learned a level 2 spell: Wereblood
 33697 | Elf:3    | Found Camuizaf's Magic Scroll Shoppe.
 33705 | Elf:3    | Bought a scroll of butterflies for 56 gold pieces
 33705 | Elf:3    | Bought a scroll of fear for 56 gold pieces
 33725 | Elf:3    | Identified the +6 morningstar of Doom {antimagic, *Rage
                  | rCorr Int+8 Stlth+}
 34657 | Elf:3    | Reached XP level 20. HP: 99/99 MP: 29/29
 34711 | Elf:3    | Identified the ring "Bakag" {rPois rC+ MP+9}
 35509 | Elf:3    | Identified the +1 ring mail "Plog" {rF+ rN+ Int-3}
 35534 | Elf:3    | Identified the +2 great mace of Trial by Ordeal {vamp,
                  | rCorr Dex+7}
 35583 | Elf:3    | Found the +3 crown of Dyrovepreva {rElec Int+2 SInv}
 35592 | Elf:3    | Got Syuxips's Tome of the Pyre
 35606 | Elf:3    | Identified the +5 dagger "Sypo Hab" {pain, Fly rC+ Stlth-}
 35980 | Vaults:1 | Entered Level 1 of the Vaults
 36219 | Vaults:1 | Got the Compilation of the Whammy
 36272 | Vaults:1 | Identified the ring of Impatience {rF+ Dex+4}
 36408 | Vaults:1 | Reached skill level 1 in Transmutations
 36475 | Vaults:1 | Found a runed translucent door.
 36475 | Vaults:1 | Found a shimmering altar of Xom.
 36475 | Vaults:1 | Noticed karrick's ghost (adept GrFi)
 36850 | Vaults:1 | Reached skill level 5 in Transmutations
 36857 | Vaults:1 | Reached skill level 15 in Fighting
 37365 | Vaults:1 | Reached skill level 1 in Spellcasting
 37782 | Vaults:1 | Killed karrick's ghost
 38089 | Vaults:2 | Reached XP level 21. HP: 102/105 MP: 30/30
 38239 | Vaults:2 | Learned a level 3 spell: Swiftness
 39270 | Vaults:3 | Found Sodeuq's Antique Armour Emporium.
 39302 | Vaults:3 | Reached skill level 5 in Spellcasting
 39700 | Vaults:3 | Found a portal to a secret trove of treasure.
 40397 | Vaults:3 | You paid a toll of +4 storm dragon scales to enter a
                  | treasure trove
 40398 | Trove    | Entered a treasure trove
 40400 | Trove    | Found the +4 robe of Folly {Brilliance Will-∞ Int+8}
 40402 | Trove    | Identified the quicksilver dragon scales of the Stone Wall
                  | {Rampage Will+ Dex+5 Slay+2 Stlth-}
 40404 | Trove    | Identified the +1 robe "Iddoan" {rN+}
 40405 | Trove    | Identified the +0 hat "Gipe" {Str+6}
 40406 | Trove    | Identified the +1 buckler "Teon Biluav" {Rampage rCorr
                  | Int-4 Dex+4}
 40419 | Trove    | Identified the +0 cloak of Agijaud {rPois Int+4}
 40578 | Vaults:3 | Found a staircase to the Crypt.
 40878 | Vaults:4 | Identified the ring of Paranoia {*Corrode rElec Will+ Str+5
                  | Dex+6}
 40978 | Vaults:4 | Found Wodydgh's Book Boutique.
 40994 | Vaults:4 | Found a crumbling gateway.
 41033 | Desolati | Entered the Desolation of Salt
 41333 | Desolati | Identified the +5 morningstar "Poucih" {flame, +Blink rF-
                  | rN+ Int+3}
 41350 | Desolati | Identified the amulet of Suphox {Reflect Rampage rPois
                  | SH+5}
 41372 | Desolati | Got the Discursus on Grim Blight
 41392 | Desolati | Identified the amulet "Leboph" {Contam Regen+ rCorr Slay-5
                  | SInv}
 41775 | Desolati | Got the Papyrus of Graupel
 41886 | Desolati | Identified the amulet "Gausyfa" {Acrobat Will+ Dex-4 SInv}
 41887 | Desolati | Identified the ring of Exhibitionism {rElec rC+ rN+}
 41893 | Desolati | Got the Codex of Striking
 42393 | Vaults:4 | Reached XP level 22. HP: 104/110 MP: 35/35
 42516 | Vaults:4 | Noticed Jory
 42532 | Vaults:4 | Killed Jory
 43047 | Elf:3    | Bought a scroll of brand weapon for 133 gold pieces
 43581 | Vaults:4 | Reached skill level 1 in Shields
 43799 | Vaults:4 | Upgraded the game from 0.30-a0-394-g3e4acdb0ae to
                  | 0.30-a0-414-gcb316572d5
 43962 | Depths:1 | Entered Level 1 of the Depths
 44143 | Depths:1 | Paralysed by a floating eye for 4 turns
 44153 | Depths:1 | Noticed Margery
 44164 | Depths:1 | Killed Margery
 44422 | Depths:1 | Found a one-way gate leading to the halls of Pandemonium.
 44463 | Depths:1 | Found a gateway to Hell.
 44535 | Depths:1 | Found Xaene's Jewellery Emporium.
 44536 | Depths:1 | Found Guce's Book Boutique.
 44537 | Depths:1 | Found Sooliff's Jewellery Emporium.
 45173 | Depths:2 | Noticed a golden dragon
 45313 | Depths:2 | Reached skill level 10 in Spellcasting
 45401 | Depths:2 | Found a one-way gateway to a ziggurat.
 45635 | Depths:2 | Noticed a golden dragon
 45640 | Depths:2 | Killed a golden dragon
 46057 | Depths:2 | Noticed a golden dragon
 46065 | Depths:2 | Killed a golden dragon
 46070 | Depths:2 | Killed a golden dragon
 46649 | Depths:2 | Reached skill level 10 in Armour
 47028 | Depths:3 | Found a corrupted altar of Lugonu.
 47028 | Depths:3 | Found a one-way gate to the infinite horrors of the Abyss.
 47412 | Depths:3 | Noticed a juggernaut
 47418 | Depths:3 | Noticed a golden dragon
 47420 | Depths:3 | Killed a juggernaut
 47421 | Depths:3 | Reached skill level 5 in Shields
 47421 | Depths:3 | Reached XP level 23. HP: 117/117 MP: 32/38
 47715 | Depths:3 | Got Hyt Ropuk's Quarto of the Shifting Quarry
 47717 | Depths:3 | Identified the ring "Haonam" {rPois rC+ Str+6 Dex+8}
 47727 | Depths:3 | Identified the +1 scale mail of Doomed Tender Moments
                  | {-Tele rN+ rCorr Dex+6}
 47728 | Depths:3 | Identified the +6 spear of the Reaper {drain, *Noise +Blink
                  | rC+++ rN+}
 47739 | Depths:3 | Identified the +4 hand axe "Cic Joiryr" {vorpal, rElec
                  | Str+4 Dex+4 Stlth-}
 47949 | Orc:2    | Bought an amulet of guardian spirit for 330 gold pieces
 48414 | Depths:3 | Found a white marble altar of Elyvilon.
 48690 | Depths:3 | Identified the +9 mace "Wekkaur" {protect, *Noise rCorr
                  | Dex+6}
 48899 | Depths:4 | Entered Level 4 of the Depths
 50306 | Depths:4 | Found a gate to the Realm of Zot.
 50638 | Vaults:5 | Entered Level 5 of the Vaults
 51152 | Vaults:5 | Noticed an ancient lich
 51160 | Vaults:5 | Killed an ancient lich
 51161 | Vaults:5 | Reached XP level 24. HP: 118/123 MP: 34/40
 51168 | Vaults:5 | Noticed an ancient lich
 51171 | Vaults:5 | Killed an ancient lich
 51183 | Vaults:5 | Noticed an ancient lich
 51192 | Vaults:5 | Killed an ancient lich
 51249 | Vaults:5 | Found Exutt's Distillery.
 51250 | Vaults:5 | Got a silver rune of Zot
 51258 | Vaults:5 | Bought a potion of heal wounds for 55 gold pieces
 51258 | Vaults:5 | Bought a potion of heal wounds for 55 gold pieces
 51258 | Vaults:5 | Bought a potion of cancellation for 88 gold pieces
 51342 | Vaults:5 | Found Jeluuc's Distillery.
 51347 | Vaults:5 | Bought a potion of resistance for 180 gold pieces
 51359 | Vaults:5 | Found Wihux's Distillery.
 51364 | Vaults:5 | Bought a potion of heal wounds for 70 gold pieces
 51364 | Vaults:5 | Bought a potion of heal wounds for 70 gold pieces
 51364 | Vaults:5 | Bought a potion of heal wounds for 70 gold pieces
 51364 | Vaults:5 | Bought a potion of mutation for 112 gold pieces
 51619 | Vaults:5 | Noticed an ancient lich
 51629 | Vaults:5 | Killed an ancient lich
 51698 | Vaults:5 | Found Waz Ojeh's Antique Armour Shoppe.
 51702 | Vaults:5 | Bought a runed cloak for 292 gold pieces
 51704 | Vaults:5 | Bought a glowing cloak for 292 gold pieces
 51706 | Vaults:5 | Bought a glowing cloak for 292 gold pieces
 51709 | Vaults:5 | Found Colix's Jewellery Boutique.
 51903 | Vaults:5 | Found Noacleom's General Store.
 51911 | Vaults:5 | Bought a potion of heal wounds for 70 gold pieces
 52245 | Zot:1    | Entered Level 1 of the Realm of Zot
 53031 | Zot:1    | Identified the +4 falchion "Wil Red Buq" {vorpal, Str+4}
 53387 | Zot:1    | You fall into a shaft and drop 1 floor!
 53400 | Zot:2    | Reached XP level 25. HP: 124/129 MP: 39/40
 53410 | Zot:2    | Reached skill level 15 in Invocations
 53891 | Zot:2    | Found a runed translucent door.
 53891 | Zot:2    | Noticed Monkooky's ghost (veteran DgDe)
 54095 | Zot:2    | Noticed a dread lich
 54161 | Zot:2    | Noticed a Killer Klown
 54185 | Zot:2    | Killed a Killer Klown
 54203 | Zot:2    | Reached skill level 10 in Shields
 54356 | Zot:2    | Killed a dread lich
 54359 | Zot:2    | Noticed an orb of fire
 54360 | Zot:2    | Gained mutation: You occasionally lose the ability to read
                  | scrolls when taking damage. [an orb of fire]
 54361 | Zot:2    | Gained mutation: You occasionally lose the ability to drink
                  | potions when taking damage. [an orb of fire]
 54368 | Zot:2    | Killed an orb of fire
 54518 | Zot:2    | Lost mutation: You occasionally lose the ability to drink
                  | potions when taking damage. [potion of mutation]
 54518 | Zot:2    | Lost mutation: You occasionally lose the ability to read
                  | scrolls when taking damage. [potion of mutation]
 54518 | Zot:2    | Gained mutation: You occasionally lose the ability to read
                  | scrolls when taking damage. [potion of mutation]
 54539 | Zot:2    | Lost mutation: You occasionally lose the ability to read
                  | scrolls when taking damage. [potion of mutation]
 54539 | Zot:2    | Gained mutation: You are agile. (Dex +4, Str/Int -1)
                  | [potion of mutation]
 54539 | Zot:2    | Gained mutation: You are resistant to electric shocks.
                  | (rElec) [potion of mutation]
 54732 | Zot:2    | Identified the +1 pair of gloves of Ashenzari {Int+2}
 55029 | Zot:2    | Noticed a dread lich
 55039 | Zot:2    | Killed a dread lich
 55063 | Zot:2    | Got the Reference Book on Metamorphosis
 55259 | Zot:2    | Killed Monkooky's ghost
 56114 | Zot:3    | Noticed an orb of fire
 56136 | Zot:3    | Killed an orb of fire
 56996 | Zot:3    | Reached XP level 26. HP: 136/136 MP: 40/40
 57800 | D:13     | Killed Gint's ghost
 58117 | Swamp:2  | Killed Feimod's ghost
 58129 | Swamp:2  | Identified the +0 mace "Risut" {flame, rF+}
 58341 | Spider:2 | Killed McGhostyFace's ghost
 58351 | Spider:2 | Identified the +7 hand axe "Lumot" {freeze, *Noise Fly
                  | Str+6 Dex+4}
 58425 | Spider:4 | Killed Oxoag's ghost
 58957 | Zot:4    | Found a transporter.
 58962 | Zot:4    | Found a transporter.
 58991 | Zot:4    | Found a transporter.
 58995 | Zot:4    | Found a transporter.
 59119 | Zot:4    | Found a transporter.
 59123 | Zot:4    | Found a transporter.
 60106 | Zot:5    | Entered Level 5 of the Realm of Zot
 60260 | Zot:5    | Noticed an orb of fire
 60277 | Zot:5    | Killed an orb of fire
 60886 | Zot:5    | Noticed an ancient lich
 60888 | Zot:5    | Killed an ancient lich
 61184 | Zot:5    | Noticed an orb of fire
 61268 | Zot:5    | Noticed an orb of fire
 61275 | Zot:5    | Killed an orb of fire
 61298 | Zot:5    | Noticed an orb of fire
 61341 | Zot:5    | Gained mutation: You occasionally lose the ability to read
                  | scrolls when taking damage. [an orb of fire]
 61350 | Zot:5    | Killed an orb of fire
 61410 | Zot:5    | Lost mutation: You are agile. (Dex +4, Str/Int -1) [potion
                  | of mutation]
 61410 | Zot:5    | Lost mutation: You are resistant to electric shocks.
                  | (rElec) [potion of mutation]
 61410 | Zot:5    | Gained mutation: Your mind is acute. (Int +4, Str/Dex -1)
                  | [potion of mutation]
 61411 | Zot:5    | Lost mutation: You occasionally lose the ability to read
                  | scrolls when taking damage. [potion of mutation]
 61411 | Zot:5    | Lost mutation: Your mind is acute. (Int +4, Str/Dex -1)
                  | [potion of mutation]
 61411 | Zot:5    | Gained mutation: Your movements are slightly less
                  | encumbered by armour. (ER -2) [potion of mutation]
 61411 | Zot:5    | Gained mutation: You have sharp toenails. [potion of
                  | mutation]
 61411 | Zot:5    | Gained mutation: You passively map a small area around you.
                  | [potion of mutation]
 61475 | Zot:5    | Noticed an orb of fire
 61481 | Zot:5    | Killed an orb of fire
 61645 | Zot:5    | Killed an orb of fire
 62524 | Zot:5    | Noticed an orb of fire
 62556 | Zot:5    | Noticed an orb of fire
 62564 | Zot:5    | Noticed an orb of fire
 62733 | Zot:5    | Killed an orb of fire
 62740 | Zot:5    | Noticed an orb of fire
 62748 | Zot:5    | Noticed an orb of fire
 62749 | Zot:5    | Killed an orb of fire
 62758 | Zot:5    | Killed an orb of fire
 62980 | Zot:5    | Reached XP level 27. HP: 140/140 MP: 40/40
 62993 | Zot:5    | Killed an orb of fire
 63251 | Zot:5    | Paralysed by a Zot trap for 2 turns
 63289 | Zot:5    | Gained mutation: You are frail. (-10% HP) [an orb of fire]
 63289 | Zot:5    | Noticed a dread lich
 63290 | Zot:5    | Killed an orb of fire
 63295 | Zot:5    | Killed a dread lich
 63465 | Zot:5    | Got the Orb of Zot
 63566 | Zot:3    | Noticed Ycsuem the pandemonium lord
 63646 | Depths:4 | Noticed Olath the pandemonium lord
 64020 | D:$      | Escaped with the Orb!

Illustrated notes

Levels and vault maps discovered:
D:1:      minmay_arrival_arboretum_small, layout_basic
D:2:      layout_basic, hellmonk_ecumenical_altar_arch_garden,
          nicolae_hexahallways, minmay_fountain_box, amethyst_killhole
D:3:      layout_basic, minitemple, chequers_mini_garden, uniq_grinder,
          uniq_jessica
D:4:      cheibrodos_thug_alley, layout_basic, ebering_ghost_gozag
D:5:      layout_loops_ring
D:6:      layout_rooms, lemuel_tele_altar, lemuel_temple_firewalk_b
D:7:      minmay_chambers_of_sevens, layout_basic, ashenzari_altar_1,
          st_stairs_11
D:8:      layout_loops_ring
D:9:      layout_loops_cross, amcnicky_altar_gilded, minmay_lair_entry_grove
D:10:     layout_basic, nicolae_shop_vocational, uniq_grum
D:11:     layout_loops_ring, serial_shops, shop, uniq_maurice, uniq_erolcha
D:12:     layout_rooms, orc_0_dummy
D:13:     layout_irregular_city, hangedman_vaults_entry_quadrant_bands,
          gammafunk_ghost_necromancy, serial_shops, kennysheep_little_box
D:14:     layout_loops_ring, solitary_fountain, special_room [special_room_orc],
          einodemon_crawler_minivault
D:15:     grunt_enter_depths_magical_seal, layout_rooms, reono_crystal_passage,
          minmay_crystal_room, grunt_decor_mini_mirrors,
          minmay_guarded_unrand_resistance, uniq_nessos, uniq_jorgrun
Temple:   nicolae_temple_bog_church
Lair:1:   layout_roguey [special_room_bee]
Lair:2:   layout_cave_pods, nicolae_spider_entry_orb_guardian,
          infiniplex_staircase_pool_2, grunt_megastairs_1
Lair:3:   layout_chaotic_city, nicolae_swamp_entry_splash_gauntlet
Lair:4:   layout_cave_pods, st_stairs_6, grunt_forest_small_clearing_treed,
          uniq_snorg, uniq_josephine
Lair:5:   minmay_lair_end_frog_pond, layout_misc_corridors,
          dpeg_slime_entry_enclosed
Swamp:1:  layout_falls_marsh, nicolae_swamp_fairy_circle,
          nicolae_swamp_baby_hydras
Swamp:2:  layout_falls_marsh, gammafunk_ghost_mausoleum, serial_swamp_ruin,
          evilmike_swamp_ruin_house_2, evilmike_swamp_ruin_house_1, swamp_pool1,
          grunt_witch_cave, uniq_roxanne, uniq_aizul
Swamp:3:  layout_basic_swamp, evilmike_swamp_ruin_house_5, uniq_bai_suzhen
Swamp:4:  nzn_swamp_witches_coven, layout_basic_swamp
Spider:1: layout_spider_delve, uniq_rupert, uniq_kirke
Spider:2: layout_chambers, ebering_ghost_disaster_area
Spider:3: layout_chambers, uniq_mara
Spider:4: johnstein_spider_rune_arachne_lair, ebering_ghost_reflecting_pool
Orc:1:    layout_diamond_mine, mines2_david
Orc:2:    pubby_orc_utopia, serial_shops
Elf:1:    eino_elf_arrival_shootout, layout_gridlike,
          kennysheep_underground_church, drop_trap, dreamdust_wishing_well,
          billiards_dpeg
Elf:2:    nicolae_elf_blades_crystal_corner, layout_geoelf_octagon,
          serial_shops, bzr_entry_customers, nicolae_shop_window_shopping,
          shop_fountains
Elf:3:    minmay_elf_hall_statues, layout_onion_city, serial_shops, shop
Vaults:1: ebering_ghost_xom, v_misc_5, dpeg_vaults_monster_box,
          grunt_vaults_twisty, nicolae_vaults_display_case,
          ontoclasm_vaults_claustrophobia, ontoclasm_vaults_chip,
          nicolae_vaults_theta, grunt_vaults_diagonal,
          vaults_dpeg_emergency_exit, v_misc_12,
          hangedman_vaults_stretched_pinwheel, v_misc_26,
          ontoclasm_vaults_misaligned, vaults_dpeg_cross, vaults_room_door_ring,
          layout_vaults_ring
Vaults:2: hangedman_vaults_river_flow, vaults_mumra_hexcomb,
          hangedman_vaults_corner, nicolae_vaults_what_the_h,
          vaults_standard_mumra_x, ontoclasm_vaults_twist,
          layout_vaults_omnigrid
Vaults:3: grunt_vaults_bifocal, v_misc_30, ontoclasm_vaults_shuriken,
          hangedman_vaults_stretched_pinwheel, nicolae_vaults_mini_display_case,
          v_alt_pattern_1, hangedman_vaults_stretched_pinwheel,
          nicolae_vaults_little_squares_3, v_misc_29,
          minmay_crypt_entry_simple_statues, hangedman_vaults_unwind,
          nicolae_vaults_big_ls, nicolae_vaults_little_squares_6,
          nicolae_vaults_asterisk, layout_vaults_maze_snakey, serial_shops,
          nicolae_shop_waterfront, nicolae_trove_entry_diagonal
Vaults:4: portal_desolation_entry_nicolae_nacl, hangedman_vaults_locks,
          vaults_room_hangedman_quadrants, nicolae_vaults_little_squares_2,
          v_misc_11, vaults_room_fancy_cross, grunt_vaults_hallway_short,
          vaults_mumra_chevron, v_misc_30, v_misc_13, vaults_room_pool,
          vaults_dpeg_hooks, vaults_mumra_hex, ontoclasm_vaults_eye,
          layout_vaults_big_room, serial_shops, shop_statue, uniq_jory
Vaults:5
Depths:1: layout_cave_pools, grunt_metal_band, pan_entry, minmay_shop_grove
Depths:2: hangedman_box_tower, layout_twisted_cross, enter_ziggurat_b,
          hell_entry, hangedman_abyss_or_decor_jellyfish_corner,
          rand_demon_pan_entry_1, minmay_staircase_windowed_small
Depths:3: little_maze_vault, layout_cave_pools, abyss_entry_flame_altar,
          elyvilon_altar_3, hell_entry
Depths:4: grunt_zot_entry_gee_three, layout_honeycomb, hangedman_decor_push,
          pf_coc_iceberg, kilobyte_rumbling_trees
Zot:1:    layout_gridville
Zot:2:    ebering_klown_carousel, layout_onion, ebering_ghost_reflecting_pool,
          lemuel_lich_library, uniq_josephina
Zot:3:    kennysheep_blocky_hall, layout_cathedral_of_symmetry,
          grunt_ministairs_12, zot_minivault_4
Zot:4:    minmay_elemental_castle, layout_concentric_octagons,
          serial_nicolae_subway, nicolae_sub_station_stone,
          nicolae_sub_station_metal, nicolae_sub_station_crystal
Zot:5:    layout_basic

Skill      XL: |  1  2  3  4  5  6  7  8  9 10 11 12 13 14 15 16 17 18 19 20 21 22 23 24 25 26 27 |
---------------+----------------------------------------------------------------------------------+-----
Ranged Weapons | 5 7 8 10 11 13 16 17 18 | 18.0
Stealth        | 7 10 12 13 15 17 20 | 20.0
Dodging        | 6 8 10 13 18 20 21 22 | 22.0
Evocations     | 5 8 10 12 14 15 17 18 20 | 20.0
Invocations    | 4 6 8 9 11 12 13 14 17 20 22 | 22.1
Fighting       | 4 5 7 8 10 11 12 13 14 15 16 17 18 20 | 20.0
Armour         | 3 4 5 7 8 10 11 12 | 12.0
Ice Magic      | 4 5 7 8 |  8.0
Transmutations | 9 |  9.0
Spellcasting   | 3 8 10 12 | 12.0
Shields        | 5 7 9 10 13 | 13.0

Action                   |  1- 3 |  4- 6 |  7- 9 | 10-12 | 13-15 | 16-18 | 19-21 | 22-24 | 25-27 || total
-------------------------+-------+-------+-------+-------+-------+-------+-------+-------+-------++-------
Melee: Dagger            |       |       |     1 |       |       |       |       |       |       ||     1
 Fire: Shortbow          |    91 |   120 |   502 |   914 |   494 |       |       |       |       ||  2121
       Arbalest          |       |       |       |       |   613 |   750 |  1234 |    78 |       ||  2675
       Hand crossbow     |       |       |       |       |       |       |       |  1075 |   890 ||  1965
 Cast: Wereblood         |       |       |       |       |       |       |    21 |    38 |    13 ||    72
       Ozocubu's Armour  |       |       |       |       |       |       |     5 |     2 |       ||     7
Invok: Recall Ancestor   |       |       |     1 |    39 |    46 |    26 |    45 |    26 |    27 ||   210
       Ancestor Life: Kn |       |       |       |     1 |       |       |       |       |       ||     1
       Transference      |       |       |       |     1 |       |     1 |       |     1 |     3 ||     6
       Idealise          |       |       |       |       |     3 |     1 |       |     4 |     3 ||    11
Evoke: Wand              |       |       |       |     2 |     6 |     5 |     6 |     2 |       ||    21
       Box of beasts     |       |       |       |       |       |       |     1 |     3 |     5 ||     9
       Condenser vane    |       |       |       |       |       |       |       |     5 |     6 ||    11
       Tin of tremorston |       |       |       |       |       |       |       |       |     2 ||     2
  Use: Scroll            |       |     2 |     2 |    13 |    12 |     3 |     6 |    13 |     2 ||    53
       Potion            |       |       |       |       |     1 |     2 |     1 |     1 |     5 ||    10
 Stab: Sleeping          |       |       |     1 |       |       |       |       |       |       ||     1
Armor: Robe              |     1 |     9 |     9 |       |       |       |       |       |       ||    19
       Steam dragon scal |       |       |    15 |     6 |       |       |       |       |       ||    21
       Troll leather arm |       |       |       |    12 |    18 |    10 |    14 |       |       ||    54
       Storm dragon scal |       |       |       |       |       |       |    27 |       |       ||    27
       Quicksilver drago |       |       |       |       |       |       |     9 |    36 |    13 ||    58
Dodge: Dodged            |    25 |    33 |   137 |   199 |   297 |   319 |   525 |   483 |   322 ||  2340
Block: Other             |       |       |       |       |       |       |     8 |    14 |       ||    22
       Buckler           |       |       |       |       |       |       |       |   168 |   121 ||   289
       Reflection        |       |       |       |       |       |       |       |     7 |       ||     7

Table legend: (Time is in decaauts)
 A = Elapsed time spent in this place.
 B = Non-inter-level travel time spent in this place.
 C = Inter-level travel time spent in this place.
 D = Time resting spent in this place.
 E = Time spent auto-exploring this place.
 F = Levels seen in this place.
 G = Mean time per level.
                   A        B        C        D        E       F      G
               +--------+--------+--------+--------+--------+-----+--------+
         Total |  48057 |  43253 |   4804 |   9374 |  22263 |  51 |  942.3 |
       Dungeon |  11156 |   9675 |   1481 |   1931 |   5271 |  15 |  743.7 |
        Temple |     47 |     32 |     15 |      0 |     24 |   1 |   47.0 |
          Lair |   5035 |   4388 |    647 |   1146 |   2055 |   5 | 1007.0 |
         Swamp |   2719 |   2477 |    242 |    448 |   1217 |   4 |  679.8 |
   Spider Nest |   3269 |   3034 |    235 |    202 |   2068 |   4 |  817.2 |
  Orcish Mines |   1569 |   1175 |    394 |    104 |    673 |   2 |  784.5 |
   Elven Halls |   4344 |   3994 |    350 |   1018 |   1980 |   3 | 1448.0 |
        Vaults |   5736 |   5040 |    696 |    442 |   2963 |   5 | 1147.2 |
        Depths |   5319 |   4905 |    414 |   1540 |   2264 |   4 | 1329.8 |
           Zot |   7959 |   7633 |    326 |   2410 |   3391 |   5 | 1591.8 |
        Bazaar |     29 |     29 |      0 |      0 |     24 |   1 |   29.0 |
         Trove |     40 |     40 |      0 |      0 |      1 |   1 |   40.0 |
    Desolation |    831 |    831 |      0 |    130 |    327 |   1 |  831.0 |
               +--------+--------+--------+--------+--------+-----+--------+

Top non-repeatable levels by time:
   Zot:5: 2681 daAuts
   Elf:3: 2664 daAuts
   Zot:2: 1770 daAuts
Depths:2: 1758 daAuts
Vaults:1: 1691 daAuts
Depths:4: 1596 daAuts
  Lair:1: 1564 daAuts
   Zot:3: 1491 daAuts
   Orc:2: 1409 daAuts
Vaults:3: 1088 daAuts
   Zot:4: 1088 daAuts
Vaults:5: 1060 daAuts
Depths:3: 1039 daAuts
     D:7: 1026 daAuts
   Elf:1: 1013 daAuts
